 Dungeon Crawl Stone Soup version 0.31-a0-1272-g9f703e4c1d (webtiles) character file.

Game seed: 14564003086347303783

344 Ge0ff the Shooter (level 6, -3/38 HPs)
             Began as a Kobold Chaos Knight on Dec 17, 2023.
             Was a Plaything of Xom.
             Killed from afar by an orc wizard (9 damage)
             ... with a puff of flame
             ... on level 4 of the Dungeon.
             The game lasted 00:07:58 (3659 turns).

Ge0ff the Shooter (Kobold Chaos Knight)             Turns: 3659, Time: 00:07:59

Health: -3/38      AC:  5    Str:  8    XL:     6   Next: 89%
Magic:  0/6        EV: 14    Int: 24    God:    Xom [......]
Gold:   232        SH:  0    Dex: 15    Spells: 5/5 levels left

rFire   . . .        a - +0 short sword (chaos)
rCold   . . .        (no shield)
rNeg    . . .        Z - +2 leather armour
rPois   +            (no helmet)
rElec   .            (no cloak)
rCorr   .            (no gloves)
SInv    .            (no boots)
Will    .....        V - amulet of guardian spirit
Stlth   +++          K - ring of poison resistance {=R}
HPRegen 0.26/turn    M - +6 ring of intelligence
MPRegen 0.10/turn

%: guardian spirit
@: no status effects
A: small, no large weapons, nightstalker 3, clever 1
a: Renounce Religion


You were on level 4 of the Dungeon.
You worshipped Xom.
You were a very special plaything of Xom.
You visited 1 branch of the dungeon, and saw 4 of its levels.

You collected 232 gold pieces.

Inventory:

Hand Weapons
 a - a +0 short sword of chaos (weapon)
 b - a +0 sling
Missiles
 I - 3 boomerangs
 P - 6 atropa-tipped darts
 U - 29 stones (quivered)
Armour
 Y - a +0 ring mail
 Z - a +2 leather armour (worn)
Jewellery
 K - a ring of poison resistance (left hand) {=R}
 M - a +6 ring of intelligence (right hand)
 V - an amulet of guardian spirit (around neck)
Wands
 s - a wand of mindburst (10)
Scrolls
 J - a scroll of fog {unknown}
 L - a scroll of enchant armour {unknown}
 N - a scroll of silence {unknown}
 O - a scroll of teleportation {unknown}
 R - a scroll of noise {unknown}
 S - a scroll of butterflies
 T - 3 scrolls of identify {unknown}
 X - a scroll of torment {unknown}
Potions
 Q - a potion of lignification {unknown}


   Skills:
 - Level 4.0 Fighting
 - Level 4.0 Short Blades
 + Level 6.6 Ranged Weapons
 - Level 0.7 Armour
 - Level 2.4 Dodging
 - Level 3.0 Stealth
 + Level 2.4 Evocations


You had 5 spell levels left.
You didn't know any spells.
Your spell library contained the following spells:

 Spells                   Type           Power      Damage    Failure   Level
 Ensorcelled Hibernation  Hex/Ice        0%         N/A       30%         2
 Jinxbite                 Hex            0%         N/A       30%         2
 Anguish                  Hex/Necr       0%         N/A       90%         4


Dungeon Overview and Level Annotations

Branches:
Dungeon (4/15) Zot: 20410
 Temple: D:4-7

Altars:


Innate Abilities, Weirdness & Mutations

You are small and have problems with some larger weapons.
You are completely attuned to the shadows.
Your mind is acute. (Int +4, Str/Dex -1)


Message History

The rat misses you.
You feel much better.
The crimson imp disappears in a puff of smoke!
Eustachio's bulging head throbs.
Something gnaws heavily on your mind! The rat misses you.
You hit Eustachio but do no damage. You drain Eustachio.
Eustachio is heavily wounded.
Eustachio misses you. The rat misses you.
You hit Eustachio.
You feel better.
Eustachio is severely wounded.
Eustachio bites you but does no damage.
You barely miss Eustachio.
Eustachio is heavily wounded.
The rat bites you. Eustachio misses you.
You barely miss Eustachio.
Eustachio is heavily wounded.
The rat barely misses you.
You hit Eustachio.
Eustachio seems to speed up.
Eustachio is heavily wounded.
Eustachio's throbbing head pulsates.
Something gnaws heavily on your mind!
* * * LOW HITPOINT WARNING * * *
The rat misses you. Eustachio barely misses you.
You hit Eustachio. You freeze Eustachio.
Eustachio is severely wounded.
Eustachio bites you but does no damage. The rat misses you.
You hit Eustachio.
Eustachio appears confused.
Eustachio is severely wounded.
You hit Eustachio but do no damage.
Nothing appears to happen.
Eustachio is severely wounded.
The rat bites you but does no damage.
Eustachio bites itself.
You hit Eustachio. You burn Eustachio.
You kill Eustachio!
The bat disappears in a puff of smoke!
The rat disappears in a puff of smoke!
Your Evocations skill increases to level 2!
The orc wizard casts a spell at you. You resist with some effort.
Items here: $ ))) [[[ †.
You hit the orc wizard. You burn the orc wizard.
The orc wizard is moderately wounded.
The orc wizard closely misses you.
You barely miss the orc wizard.
The orc wizard is moderately wounded.
The orc wizard hits you but does no damage.
You hit the orc wizard but do no damage.
The your short sword of chaos misses the orc wizard.
The orc wizard is moderately wounded.
The orc wizard casts a spell at you. The puff of flame hits you!
You die...

#######
#.....#########
.......o@......
#.....#########
#.....# #.....#
...!.# .....#
.....# ......
......


You could see an orc wizard.

Vanquished Creatures
  A brain worm (D:4)
  The ghost of Farnir the Covered, a weakling MiFi (D:3)
  A howler monkey (D:4)
  4 gnolls (D:3)
  6 adders
  A worm (D:3)
  3 dart slugs (D:1)
  7 orcs
  7 ball pythons
  6 endoplasms
  4 giant cockroaches
  8 goblins
  4 hobgoblins
  6 jackals
  4 quokkas
  8 bats
  8 frilled lizards
  2 kobolds
  3 rats
84 creatures vanquished.

Vanquished Creatures (collateral kills)
  2 hobgoblins (D:1)
2 creatures vanquished.

Vanquished Creatures (others)
  An orc zombie (D:4)
1 creature vanquished.

Grand Total: 87 creatures vanquished

Notes
Turn   | Place    | Note
-------+----------+-------------------------------------------
     0 | D:1      | Ge0ff the Kobold Chaos Knight began the quest for the Orb.
     0 | D:1      | Reached XP level 1. HP: 14/14 MP: 1/1
   162 | D:1      | Reached skill level 1 in Stealth
   287 | D:1      | XOM: divination: magic mapping
   328 | D:1      | Reached XP level 2. HP: 19/19 MP: 2/2
   406 | D:1      | XOM: silly message
   439 | D:1      | XOM: 1-stop teleportation journey
   483 | D:1      | Reached XP level 3. HP: 24/24 MP: 3/3
   736 | D:1      | Reached skill level 1 in Ranged Weapons
   791 | D:1      | XOM: 3-stop teleportation journey
   828 | D:1      | XOM: cloud trail
   962 | D:1      | XOM: cloud trail
  1483 | D:2      | Reached XP level 4. HP: 29/29 MP: 4/4
  1498 | D:2      | Reached skill level 2 in Ranged Weapons
  1708 | D:2      | Reached skill level 3 in Ranged Weapons
  1755 | D:2      | XOM: divination: magic mapping
  1869 | D:2      | XOM: divination: magic mapping
  2125 | D:3      | Found a runed translucent gate.
  2125 | D:3      | Found a runed translucent gate.
  2126 | D:3      | Found a runed translucent gate.
  2131 | D:3      | Noticed Farnir's ghost (weakling MiFi)
  2146 | D:3      | XOM: blink monster(s)
  2158 | D:3      | XOM: give mutations
  2158 | D:3      | Gained mutation: Your spells are a little easier to cast,
                  | but a little less powerful. [Xom's mischief]
  2158 | D:3      | Lost mutation: Your spells are a little easier to cast, but
                  | a little less powerful. [Xom's mischief]
  2158 | D:3      | Gained mutation: Your mind is acute. (Int +4, Str/Dex -1)
                  | [Xom's mischief]
  2159 | D:3      | XOM: fog
  2169 | D:3      | Killed Farnir's ghost
  2170 | D:3      | Reached skill level 4 in Ranged Weapons
  2170 | D:3      | Reached XP level 5. HP: 16/33 MP: 2/5
  2219 | D:3      | XOM: noise
  2314 | D:3      | Reached skill level 5 in Ranged Weapons
  2486 | D:3      | XOM: silly message
  2737 | D:3      | Reached XP level 6. HP: 8/38 MP: 2/6
  3157 | D:3      | Reached skill level 6 in Ranged Weapons
  3439 | D:4      | Reached skill level 1 in Evocations
  3536 | D:4      | XOM: 1-stop teleportation journey
  3604 | D:4      | Noticed Eustachio
  3634 | D:4      | XOM: noise
  3638 | D:4      | XOM: destruction
  3640 | D:4      | Eustachio changed into Eustachio the brain worm
  3640 | D:4      | Noticed Eustachio
  3640 | D:4      | XOM: polymorph Eustachio -> Eustachio the brain worm
  3655 | D:4      | Killed Eustachio the brain worm
  3659 | D:4      | Killed from afar by an orc wizard

Illustrated notes

Levels and vault maps discovered:
D:1:      dpeg_arrival_short_road, layout_basic, serial_corexii_hall,
          corexii_hall_statues_x, corexii_hall_statues_x
D:2:      layout_basic
D:3:      layout_basic, gammafunk_ghost_split
D:4:      layout_basic, minmay_temple_entry_gardened_gates, serial_shops, shop,
          uniq_grinder, uniq_eustachio

Skill      XL: |  1  2  3  4  5  6 |
---------------+-------------------+-----
Stealth        | 2 3 |  3.0
Fighting       | 4 |  4.0
Ranged Weapons | 1 4 5 6 |  6.6
Evocations     | 2 |  2.4
Short Blades   | |  4.0
Armour         | |  0.7
Dodging        | |  2.4

Action                     |  1- 3 |  4- 6 || total
---------------------------+-------+-------++-------
  Melee: Short sword       |    74 |   268 ||   342
         Punch             |     1 |     1 ||     2
  Throw: Stone             |       |     5 ||     5
    Use: Potion            |       |     2 ||     2
   Stab: Sleeping          |    16 |    10 ||    26
         Paralysed         |       |     2 ||     2
         Held in net/web   |       |     1 ||     1
 Armour: Leather armour    |    13 |   111 ||   124
  Dodge: Dodged            |    36 |   162 ||   198

Table legend: (Time is in decaauts)
 A = Elapsed time spent in this place.
 B = Non-inter-level travel time spent in this place.
 C = Inter-level travel time spent in this place.
 D = Time resting spent in this place.
 E = Time spent auto-exploring this place.
 F = Levels seen in this place.
 G = Mean time per level.
                   A        B        C        D        E       F      G
               +--------+--------+--------+--------+--------+-----+--------+
         Total |   3588 |   3550 |     38 |     47 |   2659 |   4 |  897.0 |
       Dungeon |   3588 |   3550 |     38 |     47 |   2659 |   4 |  897.0 |
               +--------+--------+--------+--------+--------+-----+--------+

Top non-repeatable levels by time:
     D:1: 1266 daAuts
     D:3: 1253 daAuts
     D:2: 769 daAuts
     D:4: 299 daAuts
